 Dungeon Crawl Stone Soup version 0.21-a0-55-gb612c23 (webtiles) character file.

23230 KristoblXynda the Cleaver (level 12, -2/100 HPs)
             Began as a Minotaur Monk on June 15, 2017.
             Was a High Priest of Nemelex Xobeh.
             Killed by divine providence
             ... invoked by an orc priest
              (9 damage)
             ... on level 12 of the Dungeon.
             The game lasted 00:29:35 (14457 turns).

KristoblXynda the Cleaver (Minotaur Monk)          Turns: 14457, Time: 00:29:36

Health: -2/100     AC: 20    Str: 20    XL:     12   Next: 70%
Magic:  18/18      EV: 13    Int: 11    God:    Nemelex Xobeh [*****.]
Gold:   401        SH:  5    Dex: 15    Spells: 11/11 levels left

rFire    . . .     SeeInvis .   B - +2 war axe
rCold    + . .     Gourm    .   z - +0 buckler
rNeg     . . .     Faith    .   F - +2 chain mail {rC+}
rPois    .         Spirit   .   (helmet restricted)
rElec    .         Reflect  .   q - +2 cloak {MR+}
rCorr    .         Harm     .   r - +0 pair of gloves
MR       ++...                  a - +0 pair of boots {Stlth+}
Stlth    ..........             n - amulet of rage
HPRegen  0.26/turn              i - ring of wizardry
MPRegen  0.16/turn              N - +3 ring of strength

@: no status effects
A: retaliatory headbutt, horns 2, agile 1, magic resistance 1, mutation
resistance 1, robust 1
a: Triple Draw, Deal Four, Stack Five, Renounce Religion, Evoke Berserk Rage


You were on level 12 of the Dungeon.
You worshipped Nemelex Xobeh.
Nemelex Xobeh was extremely pleased with you.
You were not hungry.

You visited 3 branches of the dungeon, and saw 14 of its levels.
You also visited: Ossuary.

You collected 603 gold pieces.
You spent 202 gold pieces at shops.

Inventory:

Hand Weapons
 x - a +4 dire flail of crushing
 B - a +2 war axe (weapon)
Armour
 a - a +0 pair of boots of stealth (worn)
 q - a +2 cloak of magic resistance (worn)
 r - a +0 pair of gloves (worn)
 z - a +0 buckler (worn)
 F - a +2 chain mail of cold resistance (worn)
Jewellery
 i - a ring of wizardry (left hand)
 n - an amulet of rage (around neck)
 N - a +3 ring of strength (right hand)
Wands
 k - a wand of digging (13/24)
 D - a wand of acid (0/15)
 P - a wand of digging (8/24)
Scrolls
 e - 4 scrolls of fog
 j - 5 scrolls of teleportation
 p - 7 scrolls of remove curse
 w - a scroll of blinking
 C - 4 scrolls of recharging
 G - 3 scrolls of identify
 I - a scroll of amnesia
Potions
 f - 5 potions of flight
 g - 2 potions of berserk rage
 h - 2 potions of mutation
 m - 6 potions of curing
 o - 4 potions of might
 s - 2 potions of ambrosia
 A - a potion of resistance
 E - a potion of invisibility
 H - 2 potions of haste
Miscellaneous
 d - a plain deck of summoning
 l - a legendary deck of destruction
 t - a plain deck of destruction {drawn: 2}
 u - a plain deck of destruction
 v - an ornate deck of destruction {drawn: 1}
 y - a plain deck of destruction {drawn: 1}
 J - an ornate deck of summoning {drawn: 1}
 L - a plain deck of summoning
 M - an ornate deck of destruction
Comestibles
 b - a meat ration
 c - 9 bread rations
 K - 16 fruits
 O - 2 chunks of flesh


   Skills:
 + Level 4.3 Fighting
 + Level 12.8 Axes
 + Level 12.0 Armour
 - Level 10.0 Dodging
 - Level 1.5 Stealth
 - Level 4.1 Shields
 + Level 9.4 Invocations
 + Level 7.8 Evocations


You had 11 spell levels left.
You didn't know any spells.

Dungeon Overview and Level Annotations

Branches:
Dungeon (12/15)            Temple (1/1) D:5            Lair (1/6) D:11
    Orc: D:9-12

Altars:
Ashenzari
Cheibriados
Dithmenos
Elyvilon
Fedhas
Gozag
Hepliaklqana
Kikubaaqudgha
Makhleb
Nemelex Xobeh
Okawaru
Qazlal
Ru
Sif Muna
Trog
Uskayaw
Vehumet
Wu Jian
Xom
Yredelemnul
Zin
The Shining One

Shops:
D:6 [[:[=   D:11 *


Innate Abilities, Weirdness & Mutations

You reflexively headbutt those who attack you in melee.
You have a pair of horns on your head.
You are agile. (Dex +2)
You are resistant to hostile enchantments. (MR+)
You are somewhat resistant to further mutation.
You are robust. (+10% HP)


Message History

The two-headed ogre hits you with a giant club.
* * * LOW HITPOINT WARNING * * *
The orc completely misses you.
An orc comes into view. It is wielding a flail.
You barely miss the two-headed ogre.
The orc shouts!
You headbutt the two-headed ogre.
The two-headed ogre is severely wounded.
You barely miss the orc.
The two-headed ogre hits you with a giant club!
* * * LOW HITPOINT WARNING * * *
The two-headed ogre hits you with a giant club.
* * * LOW HITPOINT WARNING * * *
The orc misses you.
An orc priest comes into view. It is wielding a trident.
The orc priest shouts!
The orc priest invokes the aid of Beogh against you.
Beogh smites you!
You die...
Your body glows with a rainbow of weird colours and disappears.

.........#
.........########.#......
.........................
...####.........#........
##.#....#######.#.......
#.#.....# #.#..>..
#.##....# #.#.#.#
#..'....# #.#)O.#
####....# #.@.o.# #....#
#...o.###
#####....######.......#
....'...............#.oo8
#####..........###### #..
#..........# .
##.........# #.........#
#.........#


You could see a two-headed ogre, an orc priest and 3 orcs.

Vanquished Creatures
  Kirke (D:12)
  A two-headed ogre (D:11)
  5 death yaks
  3 unseen horrors
  Pikel (D:9)
  2 ugly things
  A manticore (D:12)
  2 cyclopes (D:11)
  Joseph (D:7)
  A gargoyle (D:11)
  Psyche (D:9)
  3 spiny frogs (Lair:1)
  2 komodo dragons
  A tengu conjurer (D:10)
  2 trolls (D:10)
  A shadow (D:11)
  A hippogriff (D:12)
  A vampire (D:10)
  17 yaks
  A wraith (D:11)
  2 hogs (D:12)
  A basilisk (Lair:1)
  A steam dragon (D:10)
  3 hungry ghosts
  Edmund (D:5)
  Menkaure (D:6)
  2 acid dragons (D:12)
  Duvessa (D:4)
  4 porcupines (Lair:1)
  An orc warrior (D:6)
  3 black bears
  A sky beast (D:9)
  A slave (D:9)
  5 ice beasts
  An eye of draining (D:11)
  A phantom (D:4)
  8 ogres
  11 centaurs
  A crocodile (Lair:1)
  Blork the orc (D:5)
  7 bullfrogs
  2 big kobolds
  7 scorpions
  Dowan (D:4)
  9 killer bees
  A howler monkey (D:12)
  3 wights (D:8)
  A human zombie (Ossuary)
  7 crimson imps
  Crazy Yiuf (D:4)
  7 centaur zombies
  4 hounds
  10 orc wizards
  2 orc priests
  5 jellies
  A centaur skeleton (D:6)
  3 iguanas
  9 worker ants
  2 killer bee zombies
  A big kobold zombie (Ossuary)
  A hound zombie (D:5)
  3 mummies (Ossuary)
  3 worker ant zombies
  Robin (D:2)
  4 gnolls (D:6)
  18 adders
  3 scorpion zombies (Ossuary)
  2 shadow imps
  An ooze (D:3)
  2 adder zombies
  3 worms
  A dart slug (D:1)
  4 leopard geckos
  56 orcs
  5 giant cockroaches
  3 gnoll zombies (Ossuary)
  19 goblins
  10 hobgoblins
  7 jackals
  6 quokkas
  3 ball pythons
  A bat (D:1)
  2 frilled lizards
  4 goblin zombies (Ossuary)
  A hobgoblin zombie (Ossuary)
  16 kobolds
  A leopard gecko skeleton (D:7)
  2 orc zombies (Ossuary)
  A quokka zombie (D:6)
  7 rats
371 creatures vanquished.

Vanquished Creatures (others)
  2 humans (D:12)
2 creatures vanquished.

Grand Total: 373 creatures vanquished

Notes
Turn   | Place    | Note
-------+----------+-------------------------------------------
     0 | D:1      | KristoblXynda the Minotaur Monk began the quest for the Orb.
     0 | D:1      | Reached XP level 1. HP: 19/19 MP: 0/0
   247 | D:1      | Reached XP level 2. HP: 26/26 MP: 1/1
   486 | D:1      | Reached skill level 1 in Armour
   922 | D:2      | Reached XP level 3. HP: 25/31 MP: 2/2
  1234 | D:2      | Noticed Robin
  1246 | D:2      | Killed Robin
  1328 | D:2      | Reached XP level 4. HP: 19/39 MP: 3/3
  2169 | D:3      | Reached skill level 5 in Axes
  2322 | D:3      | Reached XP level 5. HP: 45/45 MP: 4/4
  2486 | D:4      | Reached skill level 1 in Evocations
  2499 | D:4      | Noticed Duvessa
  2499 | D:4      | Noticed Dowan
  2513 | D:4      | Killed Dowan
  2516 | D:4      | Reached XP level 6. HP: 51/51 MP: 4/6
  2521 | D:4      | Killed Duvessa
  2521 | D:4      | Reached skill level 5 in Dodging
  2600 | D:4      | Found a basalt altar of Yredelemnul.
  3159 | D:4      | Reached XP level 7. HP: 54/58 MP: 7/7
  3423 | D:4      | Found a runed door.
  3604 | D:4      | Noticed Crazy Yiuf
  3608 | D:4      | Killed Crazy Yiuf
  3853 | D:5      | Entered Level 5 of the Dungeon
  4159 | D:5      | Found a staircase to the Ecumenical Temple.
  4199 | Temple   | Entered the Ecumenical Temple
  4254 | Temple   | Became a worshipper of Nemelex Xobeh the Trickster
  4254 | Temple   | Received a gift from Nemelex Xobeh
  4254 | Temple   | Reached * piety under Nemelex Xobeh
  4254 | Temple   | Reached ** piety under Nemelex Xobeh
  4393 | D:5      | Received a gift from Nemelex Xobeh
  4587 | D:5      | Noticed Edmund
  4604 | D:5      | Killed Edmund
  4604 | D:5      | Reached skill level 5 in Armour
  4604 | D:5      | Reached skill level 1 in Invocations
  5147 | D:5      | Noticed Blork the orc
  5164 | D:5      | Killed Blork the orc
  5164 | D:5      | Reached XP level 8. HP: 60/66 MP: 9/9
  5589 | D:6      | Noticed Menkaure
  5593 | D:6      | Killed Menkaure
  5851 | D:6      | Found Ruic's Book Boutique.
  6010 | D:6      | Received a gift from Nemelex Xobeh
  6027 | D:6      | Found Oguedak's Armour Shop.
  6037 | D:6      | Found Ruifos's Antique Armour Shoppe.
  6337 | D:6      | Reached skill level 1 in Shields
  6442 | D:6      | Reached XP level 9. HP: 63/71 MP: 11/11
  6491 | D:6      | Found Xicikhis's Jewellery Shoppe.
  6498 | D:6      | Found Gepp's Antique Armour Shoppe.
  6506 | D:6      | Bought a pair of runed boots for 202 gold pieces
  6717 | D:6      | Reached *** piety under Nemelex Xobeh
  6994 | D:7      | Noticed Joseph
  7004 | D:7      | Killed Joseph
  7267 | D:7      | Received a gift from Nemelex Xobeh
  7851 | D:8      | Found a sand-covered staircase.
  7868 | Ossuary  | Entered an ossuary
  8015 | Ossuary  | Reached skill level 5 in Invocations
  8466 | D:8      | Reached XP level 10. HP: 77/78 MP: 13/13
  8621 | D:8      | Reached **** piety under Nemelex Xobeh
  9113 | D:9      | Reached skill level 10 in Axes
  9122 | D:9      | Gained mutation: Armour fits poorly on your strangely shaped body. [mutagenic meat]
  9130 | D:9      | Lost mutation: Armour fits poorly on your strangely shaped body. [potion of mutation]
  9130 | D:9      | Gained mutation: You are resistant to hostile enchantments. (MR+) [potion of mutation]
  9130 | D:9      | Gained mutation: You are somewhat resistant to further mutation. [potion of mutation]
  9130 | D:9      | Gained mutation: You are agile. (Dex +2) [potion of mutation]
  9280 | D:9      | Received a gift from Nemelex Xobeh
  9308 | D:9      | Noticed Psyche
  9321 | D:9      | Killed Psyche
  9655 | D:9      | Noticed Pikel
  9668 | D:9      | Killed Pikel
  9672 | D:9      | Reached skill level 5 in Evocations
  9994 | D:10     | Entered Level 10 of the Dungeon
 10181 | D:10     | Received a gift from Nemelex Xobeh
 10601 | D:10     | Received a gift from Nemelex Xobeh
 10672 | D:10     | Reached XP level 11. HP: 44/84 MP: 15/15
 10994 | D:11     | Reached skill level 10 in Armour
 10995 | D:11     | Noticed a two-headed ogre
 11379 | D:11     | Noticed a death yak
 11381 | D:11     | Noticed a death yak
 11381 | D:11     | Noticed a death yak
 11383 | D:11     | Noticed a death yak
 11383 | D:11     | Noticed a death yak
 11389 | D:11     | Killed a death yak
 11397 | D:11     | Killed a death yak
 11403 | D:11     | Killed a death yak
 11404 | D:11     | Killed a death yak
 11421 | D:11     | Found a staircase to the Lair.
 11575 | D:11     | Killed a two-headed ogre
 11585 | D:11     | Found Atiwkuot's Assorted Antiques.
 11744 | D:11     | Killed an unseen horror
 12233 | D:11     | Noticed a red ugly thing
 12248 | D:11     | Killed a red ugly thing
 12486 | D:11     | Reached XP level 12. HP: 57/91 MP: 17/17
 12821 | Lair:1   | Entered Level 1 of the Lair of Beasts
 12898 | Lair:1   | Received a gift from Nemelex Xobeh
 12940 | Lair:1   | Reached ***** piety under Nemelex Xobeh
 13546 | D:12     | Received a gift from Nemelex Xobeh
 13549 | D:12     | Noticed Kirke
 13565 | D:12     | Noticed a sphinx
 13572 | D:12     | Killed Kirke
 13688 | D:12     | Gained mutation: You are robust. (+10% HP) [mutagenic meat]
 14140 | D:12     | Reached skill level 10 in Dodging
 14315 | D:12     | Killed a death yak
 14448 | D:12     | Noticed a two-headed ogre
 14457 | D:12     | Killed from afar by an orc priest

Vault maps used:
D:1:      wheals_arrival_linesprint
D:2:      lemuel_another_geyser, uniq_robin
D:3:      first_bread
D:4:      old_standard_altar, uniq_duvessa, uniq_crazy_yiuf_cottage
D:5:      minmay_temple_entry_statues_pillars, uniq_edmund, uniq_blork_the_orc
D:6:      serial_shops, shop, shop_fountains, shop, nicolae_shop_stone, shop,
          uniq_menkaure
D:7:      uniq_joseph
D:8:      enter_ossuary_3
D:9:      uniq_psyche, uniq_pikel
D:10:     grunt_tengu_nest
D:11:     dpeg_lair_monsters, serial_shops, shop
D:12:     hiddenorc2_lemuel, uniq_kirke
Temple:   grunt_wide_crystal_templ
Lair:1:   lab_entry_generic
Ossuary:  ossuary_minmay_scorpions

Skill      XL: |  1  2  3  4  5  6  7  8  9 10 11 12 |
---------------+-------------------------------------+-----
Axes           | 4 5 6 7 8 9 10 12 | 12.8
Armour         | 1 2 3 4 5 6 8 9 11 12 | 12.0
Dodging        | 4 5 7 9 10 | 10.0
Evocations     | 1 2 3 4 5 6 7 |  7.8
Fighting       | 4 |  4.3
Invocations    | 1 3 5 7 8 9 |  9.4
Shields        | 1 4 |  4.1
Stealth        | |  1.5

Action                   |  1- 3 |  4- 6 |  7- 9 | 10-12 || total
-------------------------+-------+-------+-------+-------++-------
Melee: Hand axe          |    55 |   149 |   271 |       ||   475
       Headbutt          |     9 |    26 |   101 |   133 ||   269
       War axe           |       |       |   218 |   614 ||   832
 Abil: Evoke Berserk Rag |     1 |     1 |     4 |     5 ||    11
Evoke: Deck              |       |       |       |     5 ||     5
       Wand              |       |       |       |     7 ||     7
  Use: Scroll            |       |     6 |    16 |     8 ||    30
       Potion            |       |     1 |     1 |     7 ||     9
 Stab: Sleeping          |     3 |     2 |       |       ||     5
       Distracted        |       |       |       |     1 ||     1
  Eat: Chunk             |     2 |     5 |     5 |    16 ||    28
       Royal jelly       |       |     1 |     3 |     1 ||     5
       Meat ration       |       |       |     3 |       ||     3
       Bread ration      |       |       |       |     3 ||     3
       Fruit             |       |       |       |     5 ||     5
Armor: Robe              |     8 |     3 |       |       ||    11
       Ring mail         |       |    39 |     2 |       ||    41
       Chain mail        |       |       |   214 |   395 ||   609
       Scale mail        |       |       |    22 |       ||    22
Dodge: Dodged            |    41 |   113 |   227 |   340 ||   721
Block: Buckler           |       |       |    51 |   127 ||   178
